 Dungeon Crawl Stone Soup version 0.24-a0-725-gf1a930fc54 (webtiles) character file.

Game seed: 18218122941719959366, levelgen mode: deterministic

3255 Kohma the Grappler (level 9, -9/75 HPs)
             Began as a White Draconian Transmuter on Oct 1, 2019.
             Was an Initiate of Fedhas.
             Mangled by a two-headed ogre
             ... wielding a +0 giant club
              (20 damage)
             ... on level 8 of the Dungeon.
             The game lasted 00:27:50 (7738 turns).

Kohma the Grappler (White Draconian Transmuter)     Turns: 7738, Time: 00:27:51

Health: -9/75      AC:  6    Str: 13    XL:     9   Next: 67%
Magic:  10/13      EV: 21    Int: 16    God:    Fedhas [......]
Gold:   313        SH:  0    Dex: 17    Spells: 3/14 levels left

rFire    . . .     SeeInvis .     - Unarmed
rCold    . . .     Gourm    .   (shield currently unavailable)
rNeg     . . .     Faith    .   (armour unavailable)
rPois    x         Spirit   .   (helmet currently unavailable)
rElec    .         Reflect  .   (cloak currently unavailable)
rCorr    .         Harm     .   (gloves currently unavailable)
MR       .....                  (boots currently unavailable)
Stlth    ++........             m - amulet of rage
HPRegen  0.22/turn              s - +4 ring of protection
MPRegen  0.13/turn              h - +2 ring of evasion

@: spider-form
A: tiny, (breathe frost), unfitting armour, AC +7
a: End Transformation, Fungal Bloom, Renounce Religion, Evoke Berserk Rage


You were on level 8 of the Dungeon.
You worshipped Fedhas.
Fedhas was noncommittal.
You were hungry.
You were a venomous arachnid creature.
You visited 2 branches of the dungeon, and saw 9 of its levels.

You collected 313 gold pieces.

Inventory:

Hand Weapons
 w - a +4 shortbow of velocity
Missiles
 a - 178 arrows
 d - 52 sling bullets
 f - 246 stones
 g - 50 poisoned darts (quivered)
 o - a throwing net
Armour
 j - a +0 pair of gloves (melded)
 q - a +0 buckler (melded)
 u - a +0 shield
Jewellery
 h - a +2 ring of evasion (right front leg)
 m - an amulet of rage (around neck)
 s - a +4 ring of protection (left front leg)
 y - an uncursed ring of see invisible
 A - an uncursed ring of flight
Wands
 p - a wand of iceblast (10)
Scrolls
 e - 4 scrolls of enchant armour
 i - a scroll of magic mapping
 r - a scroll of teleportation
Potions
 k - a potion of curing
 l - 3 potions of lignification
 t - a potion of flight
 v - 2 potions of heal wounds
 x - a potion of haste {unknown}
 z - 2 potions of might
Comestibles
 c - 9 rations


   Skills:
 + Level 6.2 Fighting
 - Level 1.7 Dodging
 + Level 3.7 Shields
 * Level 8.7 Unarmed Combat
 - Level 3.0 Spellcasting
 * Level 8.4 Transmutations


You had 3 spell levels left.
You knew the following spells:

 Your Spells              Type           Power        Failure   Level  Hunger
a - Beastly Appendage     Tmut           ####..       3%          1    #......
b - Sticks to Snakes      Tmut           ####....     4%          2    ##.....
c - Spider Form           Tmut/Pois      ###.......   24%         3    ###....
d - Blade Hands           Tmut           ####......   34%         5    ######.

Your spell library contained the following spells:

 Spells                   Type           Power        Failure   Level  Hunger
 Ice Form                 Ice/Tmut       ###.....     54%         4    #####..


Dungeon Overview and Level Annotations

Branches:
Dungeon (8/15)             Temple (1/1) D:5
   Lair: D:8-11

Altars:
Ashenzari
Cheibriados
Dithmenos
Elyvilon
Fedhas
Gozag
Hepliaklqana
Makhleb
Nemelex Xobeh
Okawaru
Ru
Sif Muna
Trog
Uskayaw
Vehumet
Xom
Yredelemnul
Zin
The Shining One

Shops:
D:4 }

Annotations:
D:8 1 transporter


Innate Abilities, Weirdness & Mutations

((You can breathe waves of freezing cold.))
((You can buffet flying creatures when you breathe cold.))
((Your icy white scales are hard. (AC +7)))
You cannot fit into any form of body armour.
((Your flesh is cold resistant. (rC+)))
((You are cold-blooded and may be slowed by cold attacks.))


Message History

The two-headed ogre misses you. The hound skeleton misses you.
You are feeling hungry.
You barely miss the two-headed ogre.
The two-headed ogre completely misses you.
The two-headed ogre hits you with a +0 giant club!!
The hound skeleton closely misses you.
You hit the two-headed ogre.
The two-headed ogre is poisoned.
The two-headed ogre is lightly wounded.
The hound skeleton completely misses you.
You barely miss the two-headed ogre.
The two-headed ogre is lightly wounded.
The two-headed ogre hits you with a +0 giant club!
* * * LOW HITPOINT WARNING * * *
The two-headed ogre misses you. The hound skeleton misses you.
You hit the two-headed ogre.
The two-headed ogre is lightly wounded.
The hound skeleton misses you.
The two-headed ogre hits you with a +0 giant club!!
You die...
Fedhas appreciates your contribution to the ecosystem.

#.........# ##
#.........# ..
#.........# #.
#.....>...#
######.##.........#
........#.........#
........#.........#
...$..ZO#.........#
.......s#.........#
#.................#
#.........####....#
#.........# #....#
#.........#
#....######
#.........#
#..........
#.........#
#####.#####
#.........# #......
#####.####
###......


You could see a two-headed ogre and a hound skeleton.

Vanquished Creatures
  A hippogriff (D:7)
  A water moccasin (D:7)
  An orc warrior (D:6)
  A sky beast (D:5)
  2 ice beasts (D:8)
  A phantom (D:5)
  5 ogres
  6 centaurs
  A big kobold (D:7)
  2 bullfrogs
  A gnoll sergeant (D:5)
  A water moccasin zombie (D:7)
  A scorpion (D:4)
  A howler monkey (D:5)
  2 crimson imps
  8 hounds
  3 jellies
  A centaur skeleton (D:6)
  4 orc priests
  A bullfrog skeleton (D:6)
  12 orc wizards
  An iguana (D:5)
  2 worker ants (D:3)
  A hound zombie (D:7)
  3 gnolls (D:5)
  13 adders
  2 shadow imps (D:5)
  An adder zombie (D:5)
  An adder skeleton (D:7)
  2 worms
  2 dart slugs (D:1)
  4 leopard geckos
  19 orcs
  3 bats
  5 giant cockroaches
  6 goblins
  3 hobgoblins (D:1)
  9 jackals
  3 quokkas
  2 ball pythons (D:3)
  2 frilled lizards
  8 kobolds
  A leopard gecko skeleton (D:4)
  2 quokka skeletons (D:5)
  5 rats
156 creatures vanquished.

Vanquished Creatures (collateral kills)
  3 orcs
  A jackal (D:4)
  A kobold (D:7)
5 creatures vanquished.

Vanquished Creatures (others)
  A worker ant zombie (D:7)
  17 toadstools
18 creatures vanquished.

Grand Total: 179 creatures vanquished

Notes
Turn   | Place    | Note
-------+----------+-------------------------------------------
     0 | D:1      | Kohma the Draconian Transmuter began the quest for the Orb.
     0 | D:1      | Reached XP level 1. HP: 16/16 MP: 3/3
   300 | D:1      | Reached XP level 2. HP: 23/23 MP: 5/5
   304 | D:1      | Learned a level 2 spell: Sticks to Snakes
   770 | D:2      | Found a hide-covered altar of Uskayaw.
   770 | D:2      | Found a hazy altar of Hepliaklqana.
   811 | D:2      | Found a shimmering altar of Xom.
   954 | D:2      | Reached XP level 3. HP: 24/28 MP: 6/6
  1092 | D:2      | Found a glowing golden altar of the Shining One.
  1416 | D:3      | Reached XP level 4. HP: 22/36 MP: 5/7
  1582 | D:3      | Learned a level 3 spell: Spider Form
  2292 | D:3      | Reached XP level 5. HP: 22/41 MP: 8/8
  2813 | D:4      | Reached XP level 6. HP: 13/50 MP: 3/10
  3067 | D:4      | Reached skill level 5 in Unarmed Combat
  3121 | D:4      | Found Div Fede's Gadget Shoppe.
  3606 | D:3      | Your scales start taking on an icy white colour.
  3606 | D:3      | Reached XP level 7. HP: 34/57 MP: 7/11
  3606 | D:3      | Gained mutation: Your flesh is cold resistant. (rC+) [White
                  | Draconian growth]
  3612 | D:3      | Reached skill level 5 in Transmutations
  3938 | D:4      | Found an opulent altar of Gozag.
  4483 | D:5      | Entered Level 5 of the Dungeon
  4530 | D:5      | Reached XP level 8. HP: 66/66 MP: 10/12
  4883 | D:5      | Reached skill level 1 in Shields
  4995 | D:5      | Found a staircase to the Ecumenical Temple.
  5007 | Temple   | Entered the Ecumenical Temple
  5034 | Temple   | Became a worshipper of Fedhas Madash
  5628 | D:6      | Reached skill level 5 in Fighting
  5635 | D:6      | Learned a level 5 spell: Blade Hands
  5818 | D:6      | HP: 3/68 [centaur/arrow (6)]
  6134 | D:6      | Reached XP level 9. HP: 56/74 MP: 11/13
  7261 | D:7      | Reached * piety under Fedhas
  7544 | D:8      | Found a transporter.
  7731 | D:8      | Noticed a two-headed ogre
  7738 | D:8      | Mangled by a two-headed ogre

Levels and vault maps discovered:
D:1:      dpeg_arrival_snail, layout_basic
D:2:      layout_basic, tso_metal_star,
          chequers_temple_overflow_statue_of_worship, first_ration,
          brannock_xom_greatest_gift
D:3:      wander_river, layout_basic, serial_corexii_hall,
          corexii_hall_statues_s, corexii_hall_statues_x,
          chequers_hall_statues_y, corexii_hall_statues_x,
          chequers_hall_statues_corner_a
D:4:      layout_rooms, lemuel_coloured_pillars_altar, gup_sewer_entry_glass,
          serial_shops, shop, minmay_misc_feat_square
D:5:      layout_basic, minmay_temple_entry_trees
D:6:      layout_loops_ring, minmay_misc_feat_roman, minmay_tree_intersection,
          minmay_misc_feat_tiny
D:7:      layout_basic
D:8:      gammafunk_cloud_chamber, layout_basic
Temple:   regret_index_temple_waves

Skill      XL: |  1  2  3  4  5  6  7  8  9 |
---------------+----------------------------+-----
Fighting       | 2 3 4 5 6 |  6.2
Transmutations | 3 4 5 7 8 |  8.4
Unarmed Combat | 4 5 6 7 8 |  8.7
Spellcasting   | 3 |  3.0
Shields        | 2 3 |  3.7
Dodging        | |  1.7

Action                   |  1- 3 |  4- 6 |  7- 9 || total
-------------------------+-------+-------+-------++-------
Melee: Unarmed           |    95 |   201 |   400 ||   696
       Headbutt          |     2 |    11 |     9 ||    22
       Kick              |     7 |     2 |    18 ||    27
       Tailslap          |    10 |    16 |    33 ||    59
       Punch             |     2 |       |       ||     2
Throw: Dart              |    10 |    40 |    14 ||    64
 Cast: Beastly Appendage |    15 |    13 |    20 ||    48
       Sticks to Snakes  |       |     6 |     5 ||    11
       Spider Form       |       |     3 |     9 ||    12
Invok: Fungal Bloom      |       |       |     7 ||     7
 Abil: Breathe Frost     |       |       |     1 ||     1
  Use: Potion            |       |     2 |     1 ||     3
       Scroll            |       |       |    15 ||    15
 Stab: Sleeping          |     1 |       |     2 ||     3
  Eat: Chunk             |     2 |     7 |    12 ||    21
       Ration            |       |       |     1 ||     1
Armor: Skin              |    23 |    73 |   123 ||   219
Dodge: Dodged            |    54 |   135 |   227 ||   416
Block: Buckler           |       |    12 |    53 ||    65

Table legend:
 A = Non-vault XP
 B = Vault XP
 C = Vault XP percentage of total XP
 D = Non-vault monster count
 E = Vault monster count
 F = Vault count percentage of total count
                 A         B        C        D         E       F
            +---------+---------+-------+---------+---------+-------
      Total |    4595 |      55 |   1.2 |     156 |       5 |   3.1
            +---------+---------+-------+---------+---------+-------
        D:1 |      31 |       0 |   0.0 |      14 |       0 |   0.0
        D:2 |      19 |       0 |   0.0 |       8 |       0 |   0.0
        D:3 |     396 |       0 |   0.0 |      29 |       0 |   0.0
        D:4 |     872 |      55 |   5.9 |      37 |       5 |  11.9
        D:5 |     886 |       0 |   0.0 |      24 |       0 |   0.0
        D:6 |     934 |       0 |   0.0 |      16 |       0 |   0.0
        D:7 |    1156 |       0 |   0.0 |      25 |       0 |   0.0
        D:8 |     301 |       0 |   0.0 |       3 |       0 |   0.0
            +---------+---------+-------+---------+---------+-------
